 Dungeon Crawl Stone Soup version 0.17-a0-1979-g1c74939 (webtiles) character file.

4153 vatarom the Nimble (level 10, -7/62 HPs)
             Began as a Kobold Berserker on Oct 5, 2015.
             Was an Elder of Trog.
             Hit by a large rock thrown by a cyclops (40 damage)
             ... on level 7 of the Dungeon.
             The game lasted 00:20:11 (7887 turns).

vatarom the Nimble (Kobold Berserker)               Turns: 7887, Time: 00:20:11

Health: -7/62      AC:  9    Str: 16    XL:     10   Next: 52%
Magic:  14/14      EV: 22    Int:  5    God:    Trog [****..]
Gold:   285        SH:  0    Dex: 16    Spells: 0 memorised, 9 levels left

rFire  . . .     SeeInvis +     j - +0 dagger (venom)
rCold  . . .     Clarity  +     l - +0 leather armour
rNeg   . . .     SustAt   .     (shield restricted)
rPois  .         Gourm    .     (helmet restricted)
rElec  +         Spirit   .     o - +0 cloak
rCorr  .         Warding  .     (no gloves)
rMut   .         Stasis   .     (no boots)
MR     .....                    (no amulet)
Stlth  +.........               (no ring)
                                i - ring of see invisible

@: exhausted, slowed, very slow, not resistant to hostile enchantments, very
unstealthy
A: beak, talons 1, rough black scales 1, rugged brown scales 1, blink, carnivore
3, clarity, clumsy 1, frail 1, electricity resistance, spit poison 1
a: Spit Poison, Blink, Burn Spellbooks, Berserk, Trog's Hand, Brothers in Arms,
Renounce Religion


You were on level 7 of the Dungeon.
You worshipped Trog.
Trog was greatly pleased with you.
You were very full.

You visited 2 branches of the dungeon, and saw 9 of its levels.
You also visited: Ossuary.

You collected 285 gold pieces.

Inventory:

Hand Weapons
 e - a +3 rapier
 j - a +0 dagger of venom (weapon)
Armour
 l - a +0 leather armour (worn)
 o - a +0 cloak (worn)
Jewellery
 i - a ring of see invisible (left hand)
Wands
 w - a wand of fireball (0)
 x - a wand of flame (15)
Scrolls
 b - 7 scrolls of identify
 f - a scroll of teleportation
 m - a scroll of fear
 p - a scroll of noise
 q - a scroll of recharging
 t - 2 scrolls of remove curse
 u - a scroll of immolation
 v - a scroll of enchant armour
Potions
 d - 2 potions of cure mutation
 g - 2 potions of brilliance
 h - 4 potions of flight
 n - a potion of resistance
Comestibles
 a - a beef jerky
 c - a meat ration
 k - 2 slices of pizza


   Skills:
 - Level 9.7 Fighting
 + Level 8.0 Short Blades
 - Level 1.5 Armour
 - Level 11.3 Dodging
 + Level 6.1 Evocations


You had 9 spell levels left.
You didn't know any spells.

Dungeon Overview and Level Annotations

Branches:
Dungeon (8/15)             Temple (1/1) D:7
   Lair: D:8-11

Altars:
Ashenzari
Cheibriados
Dithmenos
Elyvilon
Fedhas
Gozag
Kikubaaqudgha
Nemelex Xobeh
Okawaru
Qazlal
Ru
Sif Muna
Trog
Vehumet
Xom
Yredelemnul
Zin
The Shining One

Annotations:
D:8 Pikel


Innate Abilities, Weirdness & Mutations

You are small and have problems with some larger weapons.
You are carnivorous and can eat meat at any time.
You have a beak for a mouth.
You have sharp toenails.
You are partially covered in rough black scales (AC +4, Dex -1).
You are partially covered in rugged brown scales (AC +1, +3% HP).
You can translocate small distances at will.
You possess an exceptional clarity of mind.
You are clumsy. (Dex -2)
You are frail (-10% HP).
You are resistant to electric shocks.
You can spit weak poison.


Message History

Things that are here:
an enchanted great sword; a robe
Things that are here:
an enchanted scimitar; a robe
Okay, then.
r - an enchanted scimitar Drop what? 23/52 slots (_ for help) (? for menu, Esc to quit)
You drop an enchanted scimitar.
Key pressed, stopping explore.
A cyclops comes into view.
A cyclops is nearby!
The cyclops shouts!
The hound barks!
The cyclops throws a large rock.
The large rock hits you!!
You see here a large rock.
Use which ability?
You fail to use your ability.
The cyclops throws a large rock.
The large rock closely misses you.
The cyclops throws a large rock.
The large rock hits you!!!
Ouch! That really hurt!
You die...

..............#....#####.......#.
.....##########................##
###....# #.............[..#.
..#....########.........#......#.
#'#.....................#......#.
..........C.............#......#.
................h................
.................................
...............(@................
.................(...............
..#......###..###############....
..#........#................#....
..'........#....#..#..#..#..#....
..###......#..........†.....#....
..###......#...............>#....
..)........#................#....
...........#....#..#..#..#..#....


You could see a cyclops and a hound.

Vanquished Creatures
  The ghost of nago the Basher, a novice OgSk (D:7)
  A troll (D:8)
  Sigmund (D:4)
  Eustachio (D:6)
  A hippogriff (D:6)
  An ice beast (D:6)
  2 orc warriors
  A slave (D:7)
  A phantom (D:6)
  3 ogres
  The ghost of Shim the Grasshopper, an amateur HEWr (D:3)
  3 centaurs
  4 giant frogs
  A wyvern skeleton (D:6)
  3 killer bees (D:7)
  2 scorpions
  4 jellies
  A crimson imp (D:5)
  4 wights (D:7)
  5 hounds
  A human zombie (Ossuary)
  An orc priest (D:5)
  A centaur skeleton (D:6)
  Ijyb (D:3)
  Jessica (D:7)
  6 orc wizards
  Natasha (twice) (D:3)
  9 worker ants
  2 big kobold zombies (Ossuary)
  2 mummies (Ossuary)
  3 shadow imps
  9 adders
  An ooze (D:1)
  An adder skeleton (D:4)
  A worm (D:3)
  8 giant geckos
  25 orcs
  2 ball pythons
  3 bats
  9 hobgoblins
  12 jackals
  6 giant cockroaches
  2 giant newts (D:2)
  6 goblins
  2 goblin zombies (Ossuary)
  A hobgoblin zombie (Ossuary)
  11 kobolds
  A kobold zombie (Ossuary)
  An orc zombie (Ossuary)
  A quokka (D:2)
  8 rats
180 creatures vanquished.

Vanquished Creatures (collateral kills)
  4 wights (D:7)
  An orc (D:7)
5 creatures vanquished.

Grand Total: 185 creatures vanquished

Notes
Turn   | Place    | Note
--------------------------------------------------------------
     0 | D:1      | vatarom the Kobold Berserker began the quest for the Orb.
     0 | D:1      | Reached XP level 1. HP: 14/14 MP: 1/1
    19 | D:1      | Gained mutation: You are resistant to electric shocks. [potion of mutation]
    19 | D:1      | Gained mutation: You are partially covered in rough black scales (AC +4, Dex -1). [potion of mutation]
   416 | D:1      | Reached XP level 2. HP: 10/19 MP: 2/2
   751 | D:1      | Reached XP level 3. HP: 20/23 MP: 3/3
  1434 | D:2      | Acquired Trog's second power
  1493 | D:2      | Found a faded altar to an unknown god.
  1506 | D:2      | Reached XP level 4. HP: 26/28 MP: 4/4
  1597 | D:2      | Reached skill level 5 in Dodging
  2266 | D:3      | Reached XP level 5. HP: 32/32 MP: 5/5
  2387 | D:3      | Noticed Shim's ghost (amateur HEWr)
  2389 | D:3      | Noticed Ijyb
  2396 | D:3      | Killed Ijyb
  2405 | D:3      | Reached skill level 6 in Dodging
  2454 | D:3      | Killed Shim's ghost
  2454 | D:3      | Reached XP level 6. HP: 24/39 MP: 6/6
  2491 | D:3      | Noticed an earth elemental
  2493 | D:3      | Found a stormy altar of Qazlal.
  2494 | D:3      | Noticed an air elemental
  2494 | D:3      | Noticed a fire elemental
  2494 | D:3      | Noticed a water elemental
  2603 | D:3      | Noticed Natasha
  2633 | D:3      | Killed Natasha
  2767 | D:3      | Found a shadowy altar of Dithmenos.
  2928 | D:3      | Noticed Natasha
  2936 | D:3      | Killed Natasha
  3112 | D:4      | Reached skill level 7 in Dodging
  3403 | D:4      | Noticed Sigmund
  3415 | D:4      | Killed Sigmund
  3415 | D:4      | Reached skill level 5 in Fighting
  3415 | D:4      | Reached XP level 7. HP: 44/44 MP: 7/7
  3423 | D:4      | Gained mutation: You are partially covered in rugged brown scales (AC +1, +3% HP). [potion of mutation]
  3423 | D:4      | Gained mutation: Your spells are a little harder to cast, but a little more powerful. [potion of mutation]
  3423 | D:4      | Gained mutation: You possess an exceptional clarity of mind. [potion of mutation]
  3856 | D:5      | Entered Level 5 of the Dungeon
  4011 | D:5      | Reached skill level 8 in Dodging
  4230 | D:5      | Reached XP level 8. HP: 53/53 MP: 8/8
  4260 | D:5      | Found a glowing golden altar of the Shining One.
  4768 | D:6      | Reached skill level 9 in Dodging
  5034 | D:6      | Found a sand-covered staircase.
  5066 | D:6      | Acquired Trog's third power
  5087 | Ossuary  | Entered an ossuary
  5135 | Ossuary  | Gained mutation: You are agile. (Dex +2) [potion of mutation]
  5135 | Ossuary  | Gained mutation: You can spit weak poison. [potion of mutation]
  5310 | Ossuary  | Lost mutation: Your spells are a little harder to cast, but a little more powerful. [potion of mutation]
  5310 | Ossuary  | Lost mutation: You are agile. (Dex +2) [potion of mutation]
  5311 | Ossuary  | Gained mutation: You are frail (-10% HP). [potion of mutation]
  5311 | Ossuary  | Gained mutation: You have a beak for a mouth. [potion of mutation]
  5311 | Ossuary  | Gained mutation: You can translocate small distances at will. [potion of mutation]
  5354 | Ossuary  | Gained mutation: You are clumsy. (Dex -2) [potion of mutation]
  5354 | Ossuary  | Gained mutation: You have sharp toenails. [potion of mutation]
  5783 | D:6      | Noticed Eustachio
  5790 | D:6      | Killed Eustachio
  5790 | D:6      | Reached XP level 9. HP: 54/54 MP: 9/9
  5799 | D:6      | Reached skill level 10 in Dodging
  6113 | D:7      | Noticed Jessica
  6119 | D:7      | Killed Jessica
  6125 | D:7      | Found a deep blue altar of Sif Muna.
  6200 | D:7      | Noticed nago's ghost (novice OgSk)
  6216 | D:7      | Killed nago's ghost
  6216 | D:7      | Reached skill level 11 in Dodging
  6526 | D:6      | Reached skill level 1 in Evocations
  6716 | D:7      | Reached skill level 5 in Short Blades
  6716 | D:7      | Reached XP level 10. HP: 62/62 MP: 11/11
  6873 | D:7      | Found a staircase to the Ecumenical Temple.
  6883 | Temple   | Entered the Ecumenical Temple
  7339 | D:8      | Found a radiant altar of Vehumet.
  7432 | D:8      | Reached skill level 5 in Evocations
  7470 | D:8      | Noticed Pikel
  7884 | D:7      | Noticed a cyclops
  7887 | D:7      | Hit by a large rock thrown by a cyclops

Vault maps used:
D:1:      lemuel_arrival_rhombus, minmay_misc_feat_diagonals
D:2:      ecumenical_altar_1, grunt_ministairs_4, serial_park_tiny_pond
D:3:      nicolae_overflow_crystal_walls, nicolae_qazlal_style_of_elements,
          first_bread, uniq_natasha, uniq_iyjb
D:4:      serial_bayou_pond_c, uniq_sigmund
D:5:      corexii_item_surrounded_by_moat, tso_metal_star
D:6:      enter_ossuary_2, uniq_eustachio
D:7:      temple_hall, tgw_sif
D:8:      makhleb_grotto_becter, grunt_pizzeria, nicolae_sextant,
          hangedman_decor_points, vehumet_altar_wand_db, uniq_pikel
Temple:   nicolae_temple_elliptical
Ossuary:  ossuary_crypta

Action                   |  1- 3 |  4- 6 |  7- 9 | 10-12 || total
-------------------------+-------+-------+-------+-------++-------
Melee: Short sword       |    76 |       |       |       ||    76
       Rapier            |    11 |   188 |    34 |       ||   233
       Dagger            |       |       |   456 |   184 ||   640
Invok: Berserk           |     2 |     3 |     8 |     4 ||    17
       Trog's Hand       |       |     2 |     5 |     2 ||     9
       Brothers in Arms  |       |       |     1 |       ||     1
 Abil: Spit Poison       |       |       |     2 |       ||     2
       Blink             |       |       |     7 |     1 ||     8
Evoke: Wand              |       |       |       |     2 ||     2
  Use: Potion            |     4 |     1 |    15 |     2 ||    22
       Scroll            |     4 |     3 |     6 |     6 ||    19
 Stab: Sleeping          |       |     1 |       |     1 ||     2
  Eat: Chunk             |     7 |    14 |     7 |     8 ||    36
       Meat ration       |       |       |     2 |       ||     2
       Beef jerky        |       |       |     1 |       ||     1
